 Dungeon Crawl Stone Soup version 0.27-a0-249-g74f53ef629 (webtiles) character file.

Game seed: 9253077434720273529

666 Rocko1345 the Chopper (level 7, 0/61 HPs)
             Began as a Hill Orc Fighter on Feb 3, 2021.
             Slain by a gnoll
             ... wielding a +0 spear
              (5 damage)
             ... on level 3 of the Dungeon.
             The game lasted 00:09:11 (3952 turns).

Rocko1345 the Chopper (Hill Orc Fighter)            Turns: 3952, Time: 00:09:11

Health: 0/61       AC: 12    Str: 17 (20) XL:     7   Next: 57%
Magic:  7/7        EV:  7    Int:  6 (8)  God:
Gold:   170        SH:  9    Dex: 10 (11) Spells: 6/6 levels left

rFire    . . .     SeeInvis .   a - +0 war axe
rCold    . . .     Faith    .   c - +0 kite shield
rNeg     . . .     Spirit   .   b - +0 scale mail
rPois    +         Reflect  .   (no helmet)
rElec    .         Harm     .   p - +1 cloak {Will+}
rCorr    .         Rampage  .   g - +2 pair of gloves
Will     +....                  (no boots)
Stlth    ..........             (no amulet)
HPRegen  0.20/turn              i - ring of poison resistance
MPRegen  0.10/turn              (no ring)

@: no status effects
A: no striking features
a: no special abilities


You were on level 3 of the Dungeon.
You visited 1 branch of the dungeon, and saw 3 of its levels.

You collected 170 gold pieces.

Inventory:

Hand Weapons
 a - a +0 war axe (weapon)
 v - a +3 hunting sling
Missiles
 r - a throwing net
 w - 63 stones (quivered)
Armour
 b - a +0 scale mail (worn)
 c - a +0 kite shield (worn)
 g - a +2 pair of gloves (worn)
 p - a +1 cloak of willpower (worn)
Jewellery
 i - a ring of poison resistance (left hand)
 q - an uncursed ring of wizardry {unknown}
Scrolls
 e - 4 scrolls of identify {unknown}
 h - 2 scrolls of remove curse {unknown}
 j - a scroll of enchant weapon {unknown}
 k - a scroll of immolation {unknown}
 m - a scroll of amnesia {unknown}
 o - a scroll of noise {unknown}
 u - a scroll of teleportation {unknown}
Potions
 l - a potion of degeneration
 n - a potion of cancellation
 t - a potion of mutation {unknown}


   Skills:
 * Level 5.3 Fighting
 * Level 7.1 Axes
 * Level 5.2 Armour
 + Level 1.1 Dodging
 * Level 4.8 Shields


You had 6 spell levels left.
You didn't know any spells.
Your spell library was empty.

Dungeon Overview and Level Annotations

Branches:
Dungeon (3/15)

Altars:
Cheibriados
Kikubaaqudgha
Nemelex Xobeh
Qazlal
Sif Muna
Wu Jian

Annotations:
D:3 1 transporter, pigah's ghost, weakling OpWn


Message History

You closely miss pigah's ghost.
Pigah's ghost hits you but does no damage.
The gnoll hits you but does no damage. You block the gnoll's attack.
You block pigah's ghost's attack.
The gnoll hits you from afar with a +0 spear.
* * * LOW HITPOINT WARNING * * *
There are monsters nearby!
There are monsters nearby!
There are monsters nearby!
There are monsters nearby!
There are monsters nearby!
You slash pigah's ghost!
Pigah's ghost is heavily damaged.
You hit the gnoll but do no damage.
The gnoll zaps a wand.
The puff of flame hits you.
* * * LOW HITPOINT WARNING * * *
The gnoll barely misses you. Pigah's ghost hits you.
* * * LOW HITPOINT WARNING * * *
The gnoll hits you from afar with a +0 spear.
You die...

#.≈≈###.# ##.###≈≈.#####..
#.≈≈..#.# .#.#..≈≈.# ##.
#.≈≈.##.# #.##.≈≈.# #.
#.≈≈.#..# #.©#.≈≈.# ##.
#.≈≈.##.#####.##.≈≈.# #..
#.≈≈..#.#8⌠8#.#.....## #..
#.≈≈.©#gg.©)'.#©.....# #<.
#.≈≈..#.#)W)#.#......# ###
#.≈≈.##.##@##.##.≈≈..##
#.≈≈.#..#.g.#..#.≈≈...##
#.≈≈.##.#⌠.⌠#.##.≈≈....##
#.≈≈..#.#...#.#..≈≈.....###
#.≈≈###.##'##.###≈≈.>...'..
#.≈≈#...........#≈≈.....###
#.≈≈#8.###.###.8#≈≈....## #
#.≈≈#..#8###8#..#≈≈...## #
##.≈≈####.....####≈≈..## #


You could see pigah's ghost and 3 gnolls.

Vanquished Creatures
  Grinder (D:3)
  Sigmund (D:2)
  A gnoll sergeant (D:3)
  Jessica (D:3)
  Natasha (thrice) (D:3)
  A hound skeleton (D:3)
  2 adders (D:2)
  3 gnolls (D:3)
  4 oozes
  A worm (D:2)
  3 dart slugs
  3 leopard geckos
  6 orcs (D:3)
  3 giant cockroaches
  2 goblins (D:1)
  6 hobgoblins
  2 jackals (D:1)
  2 ball pythons
  7 bats
  3 frilled lizards
  10 kobolds
  8 rats
73 creatures vanquished.

Vanquished Creatures (others)
  12 plants (D:3)
12 creatures vanquished.

Grand Total: 85 creatures vanquished

Notes
Turn   | Place    | Note
-------+----------+-------------------------------------------
     0 | D:1      | Rocko1345 the Hill Orc Fighter began the quest for the Orb.
     0 | D:1      | Reached XP level 1. HP: 19/19 MP: 1/1
   205 | D:1      | Reached XP level 2. HP: 27/27 MP: 2/2
   210 | D:1      | Reached skill level 3 in Axes
   394 | D:1      | Reached XP level 3. HP: 33/33 MP: 3/3
  1189 | D:2      | Found a stormy altar of Qazlal.
  1199 | D:2      | Found a snail-covered altar of Cheibriados.
  1199 | D:2      | Found a sparkling altar of Nemelex Xobeh.
  1199 | D:2      | Noticed Sigmund
  1217 | D:2      | Killed Sigmund
  1218 | D:2      | Reached skill level 5 in Axes
  1218 | D:2      | Reached XP level 4. HP: 10/41 MP: 4/4
  1218 | D:2      | Reached XP level 5. HP: 11/47 MP: 5/5
  1456 | D:2      | Found a shimmering blue altar of Sif Muna.
  1459 | D:2      | Found an ornate altar of the Wu Jian Council.
  1461 | D:2      | Found an ancient bone altar of Kikubaaqudgha.
  1726 | D:2      | Reached XP level 6. HP: 53/53 MP: 6/6
  2295 | D:3      | Found a transporter.
  2296 | D:3      | Found a transporter.
  2478 | D:3      | Noticed Jessica
  2482 | D:3      | Killed Jessica
  2724 | D:3      | Noticed Natasha
  2734 | D:3      | Killed Natasha
  3172 | D:3      | Noticed Grinder
  3180 | D:3      | Noticed pigah's ghost (weakling OpWn)
  3185 | D:3      | Killed Grinder
  3186 | D:3      | Reached skill level 5 in Fighting
  3186 | D:3      | Reached skill level 7 in Axes
  3186 | D:3      | Reached skill level 1 in Dodging
  3186 | D:3      | Reached XP level 7. HP: 25/61 MP: 7/7
  3501 | D:3      | Noticed Natasha
  3509 | D:3      | Killed Natasha
  3623 | D:3      | Noticed Natasha
  3632 | D:3      | Killed Natasha
  3826 | D:3      | Identified the +9 trident of the Hawk {pain, rC+ MP+9
                  | Stlth+}
  3826 | D:3      | Identified the cursed +0 buckler of Stoicism {+Fly rF+
                  | Dex+2}
  3944 | D:3      | Reached skill level 5 in Armour
  3952 | D:3      | Slain by a gnoll

Illustrated notes

Levels and vault maps discovered:
D:1:      dpeg_arrival_shrine, layout_basic
D:2:      wander_river, layout_basic, lemuel_round_altar,
          chequers_temple_overflow_minitemple, uniq_sigmund
D:3:      cheibrodos_old_hovel, layout_loops_corners,
          gammafunk_ghost_gnarly_gnolls, uniq_natasha, uniq_grinder,
          uniq_jessica

Skill      XL: |  1  2  3  4  5  6  7 |
---------------+----------------------+-----
Axes           | 3 5 7 |  7.1
Fighting       | 4 5 |  5.3
Armour         | 4 5 |  5.2
Shields        | 4 |  4.8
Dodging        | 1 |  1.1

Action                   |  1- 3 |  4- 6 |  7- 9 || total
-------------------------+-------+-------+-------++-------
Melee: War axe           |    75 |   100 |    22 ||   197
 Fire: Hunting sling     |       |       |     5 ||     5
Throw: Throwing net      |       |       |     1 ||     1
  Use: Potion            |     1 |       |     5 ||     6
Armor: Scale mail        |    37 |    59 |    17 ||   113
Dodge: Dodged            |    25 |    33 |    15 ||    73
Block: Kite shield       |    27 |    69 |    23 ||   119

Table legend: (Time is in decaauts)
 A = Elapsed time spent in this place.
 B = Non-inter-level travel time spent in this place.
 C = Inter-level travel time spent in this place.
 D = Time resting spent in this place.
 E = Time spent auto-exploring this place.
 F = Levels seen in this place.
 G = Mean time per level.
                   A        B        C        D        E       F      G
               +--------+--------+--------+--------+--------+-----+--------+
         Total |   4071 |   3927 |    144 |    794 |   2285 |   3 | 1357.0 |
       Dungeon |   4071 |   3927 |    144 |    794 |   2285 |   3 | 1357.0 |
               +--------+--------+--------+--------+--------+-----+--------+

Top non-repeatable levels by time:
     D:3: 1741 daAuts
     D:2: 1167 daAuts
     D:1: 1162 daAuts
